Map: 地龙岛-天梯版

Players

raptorteam - Winner!

  • Race: Terran Terran
  • League: Platinum

Margatroid

  • Race: Protoss Protoss
  • League: Diamond

VOD

Have the link to the VOD?

Description

Time

  • Played on: Oct. 3, 2018, 11:29 p.m.
  • Length: 8:17
Show
View Real Time Build Order
Export as new Build Order

raptorteam Terran - Winner!

Build Orders:  

Get SALT Encoding   

  12  0:01  SCV  
  13  0:13  SCV  
  14  0:18  Supply Depot  
  14  0:25  SCV  
  15  0:40  SCV  
  15  0:41  Barracks  
  16  0:45  Refinery  
  16  0:52  SCV  
  16  0:56  Refinery  
  18  1:04  SCV  
  18  1:16  SCV  
  19  1:24  Supply Depot  
  19  1:29  Orbital Command  
  19  1:30  Reaper  
  20  1:51  Factory  
  20  1:54  SCV  
  21  2:02  Barracks Reactor  
  21  2:06  SCV  
  22  2:19  SCV  
  23  2:25  Command Center  
  23  2:32  SCV  
  23  2:35  Factory Reactor  
  24  2:37  Factory Tech Lab  
  24  2:41  Marine  
  24  2:42  Supply Depot  
  25  2:46  Marine  
  26  2:53  SCV  
  26  2:56  Siege Tank  
  29  2:59  Marine  
  29  3:04  Marine  
  31  3:06  SCV  
  32  3:17  Marine  
  33  3:20  Supply Depot  
  33  3:21  Starport  
  33  3:29  Siege Tank  
  36  3:37  Marine x2  
  38  3:41  SCV  
  38  3:47  Supply Depot  
  39  3:50  Refinery  
  39  3:55  Marine x2  
  41  3:58  Medivac  
  43  4:04  Siege Tank  
  46  4:17  Orbital Command  
  46  4:19  SCV  
  47  4:30  Starport Reactor  
  47  4:31  SCV, Marine x2  
  50  4:42  Widow Mine  
  50  4:43  SCV  
  53  4:45  Engineering Bay  
  53  4:49  Marine  
  54  5:01  Bunker  
  54  5:13  Marine x2  
  59  5:14  Siege Tank  
  59  5:15  Medivac  
  61  5:25  Terran Infantry Weapons Level 1, SCV x2  
  63  5:31  Marine, Supply Depot  
  64  5:36  Missile Turret  
  64  5:37  SCV  
  65  5:46  Siege Tank  
  65  5:48  Liberator  
  65  5:49  Marine x2  
  67  6:05  Medivac  
  67  6:07  Marine  
  73  6:18  Siege Tank  
  76  6:19  Supply Depot  
  76  6:28  Sensor Tower  
  76  6:32  Marine x2  
  78  6:50  Marine x2  
  77  6:57  Siege Tank  
  77  7:08  Marine x2  
  77  7:12  Command Center  
  77  7:21  Refinery  
  77  7:23  Supply Depot x2  
  77  7:25  Marine  
  77  7:29  Siege Tank  
  77  8:08  Barracks  
  77  8:10  Factory  
  77  8:11  Barracks  
Show
View Real Time Build Order
Export as new Build Order

Margatroid Protoss 

Build Orders:  

Get SALT Encoding   

  1  0:00  Probe  
  12  0:05  Probe  
  14  0:15  Probe  
  15  0:23  Pylon  
  15  0:42  Gateway, Probe  
  16  0:45  Assimilator  
  16  0:54  Probe  
  17  1:02  Assimilator  
  17  1:06  Probe  
  18  1:18  Probe  
  19  1:26  Gateway  
  19  1:31  Cybernetics Core  
  19  1:34  Probe  
  20  1:43  Pylon  
  20  1:47  Probe  
  21  1:59  Probe  
  22  2:07  Stalker, Warp Gate  
  23  2:09  Pylon  
  23  2:12  Probe  
  24  2:20  Stalker  
  26  2:31  Shield Battery  
  26  2:42  Pylon  
  26  2:57  Stalker x2  
  30  3:06  Robotics Facility  
  30  3:19  Pylon  
  30  3:25  Twilight Council  
  30  3:41  Pylon, Charge  
  30  3:46  Observer  
  31  4:04  Observer  
  32  4:13  Nexus  
  32  4:21  Stalker  
  34  4:24  Stalker  
  34  4:29  Probe  
  39  4:50  Stalker  
  41  4:58  Stalker  
  43  5:02  Immortal  
  45  5:23  Stalker  
  45  5:24  Stalker  
  47  5:43  Gateway x2  
  47  5:49  Immortal  
  49  6:19  Warp Prism  
  51  6:36  Cybernetics Core  
Tags
 
Add a new tag
Caveats
  • Supply blocks, unpowered buildings, or Contaminate may cause inaccurate times.
  • Supply counts are checked every 10 seconds.